 Dungeon Sprint DCSS version 0.29.1-12-g30fa7ad0bf (webtiles) character file.

Game seed: 662288527663209708

137 Groucho the Ducker (level 5, 0/24 HPs)
             Began as a Spriggan Earth Elementalist on Dec 30, 2022.
             Slain by a sixfirhy (11 damage)
             ... summoned by a kobold demonologist
             ... in the Dungeon (Sprint III: "The Ten Rune Challenge").
             The game lasted 00:02:36 (949 turns).

Groucho the Ducker (Spriggan Earth Elementalist)     Turns: 949, Time: 00:02:36

Health: 0/24       AC:  2    Str:  4    XL:     5   Next: 0%
Magic:  10/14      EV: 20    Int: 18    God:
Gold:   23         SH:  0    Dex: 16    Spells: 9/15 levels left

rFire   . . .      SeeInvis +   (weapon restricted)
rCold   . . .      Faith    .   (no shield)
rNeg    . . .      Spirit   .   a - +0 robe
rPois   .          Reflect  .   (helmet restricted)
rElec   .          Harm     .   (no cloak)
rCorr   .          Rampage  .   (gloves unavailable)
Will    .....      NoTele   +   (boots unavailable)
Stlth   ++........              (no amulet)
HPRegen 0.08/turn               (no ring)
MPRegen 0.14/turn               (no ring)

@: very quick
A: very small, no large weapons, unfitting armour, see invisible, speed 3
a: no special abilities


You were in the Dungeon.
You visited 1 branch You collected 23 gold pieces.

Inventory:

Armour
 a - a +0 robe (worn)
Scrolls
 g - a scroll of blinking
 i - a scroll of poison {unknown}
 j - 3 scrolls of identify
 l - a scroll of torment {unknown}
Potions
 b - 3 potions of magic
 c - a potion of curing
 d - a potion of heal wounds
 e - a potion of haste
 f - a potion of berserk rage
 h - 3 potions of mutation {unknown}
 k - 3 potions of flight
 m - a potion of attraction {unknown}


   Skills:
 + Level 6.3 Dodging
 - Level 3.0 Stealth
 + Level 5.8 Spellcasting
 * Level 3.2 Conjurations
 - Level 1.3 Transmutations
 * Level 6.3 Earth Magic


You had 9 spell levels left.
You knew the following spells:

 Your Spells              Type           Power      Damage    Failure   Level
a - Sandblast             Erth           56%        2d13      1%          1
b - Passwall              Tmut/Erth      15%        N/A       3%          2
c - Stone Arrow           Conj/Erth      44%        3d9       5%          3

Your spell library contained the following spells:

 Spells                   Type           Power      Damage    Failure   Level
 Petrify                  Tmut/Erth      19%        N/A       26%         4


Dungeon Overview and Level Annotations

Branches:
Dungeon (1/1)

Altars:
Sif Muna
Vehumet


Innate Abilities, Weirdness & Mutations

You are very small and have problems with some larger weapons.
You are too small for most types of armour.
You have supernaturally acute eyesight. (SInv)
You cover ground extremely quickly. (Speed+++)


Message History

Confirm with . or Enter, or press ? or * to list all spells.
The spell is quite dangerous to miscast (6% risk of failure)!
Continue anyway?
Okay, then.
Casting: Stone Arrow (quite dangerous; 6% risk of failure)
Confirm with . or Enter, or press ? or * to list all spells.
Aiming: Sandblast (safe; 1% risk of failure)
Press: ? - help, Shift-Dir - straight line, f - wizard
Aim: a wizard, wielding a +0 dagger and wearing a +0 robe (76% to hit)
The blast of sand hits the wizard.
The wizard is heavily wounded.
The wizard casts a spell.
The wizard blinks!
Casting: Sandblast (safe; 1% risk of failure)
Confirm with . or Enter, or press ? or * to list all spells.
Aiming: Sandblast (safe; 1% risk of failure)
Press: ? - help, Shift-Dir - straight line, f/p - wizard
Aim: a wizard, wielding a +0 dagger and wearing a +0 robe (heavily wounded, 76% to hit)
The blast of sand hits the wizard!
You kill the wizard!
A kobold demonologist comes into view. It is wielding a +0 dagger.
Your Conjurations skill increases to level 3!
You have reached level 5!
You feel agile.
Casting: Sandblast (safe; 1% risk of failure)
Confirm with . or Enter, or press ? or * to list all spells.
Aiming: Sandblast (safe; 1% risk of failure)
Press: ? - help, Shift-Dir - straight line, f - kobold demonologist
Aim: a kobold demonologist, wielding a +0 dagger and wearing a +0 robe (wandering, hasn't noticed you, 76% to hit)
The blast of sand hits the kobold demonologist but does no damage.
The kobold demonologist shouts!
The kobold demonologist casts a spell.
The kobold demonologist gestures wildly while chanting.
Unknown command.
The sixfirhy attacks as you move away! The sixfirhy closely misses you.
Things that are here:
a +0 dagger; a +0 robe The sixfirhy hits you!
Ouch! That really hurt!
The sixfirhy shocks you!
You die...

▓▓▓▓▓▓▓ ▓▓▓ ..#...#### ##.#
..#......#####..#
.##...)...#..#..#
#.##.##...#..#..###+#+###+#
#.##.###..##'#..#..........
.####.##..###...@.⌠........
###..##..####...#3..######+
.....##..###....#.⌠.#
##..##...##.....#...#
#..##....#......#'###
..###..##.#.....#.K ).
#..#####....#5_ ▓▓ ▓▓▓▓
▓▓▓▓▓▓▓▓▓


You could see a kobold demonologist, a sixfirhy (summoned) and an iron imp
(summoned).

Vanquished Creatures
  A water elemental (D)
  Jessica (D)
  A wizard (D)
  A human (D)
  A phantom (D)
  2 endoplasms (D)
7 creatures vanquished.

Vanquished Creatures (others)
  3 plants (D)
3 creatures vanquished.

Grand Total: 10 creatures vanquished

Notes
Turn   | Place    | Note
-------+----------+-------------------------------------------
     0 | D        | Groucho the Spriggan Earth Elementalist began the quest for
                  | the Orb.
     0 | D        | Reached XP level 1. HP: 9/9 MP: 5/5
   183 | D        | Noticed Jessica
   186 | D        | Killed Jessica
   187 | D        | Reached XP level 2. HP: 13/13 MP: 2/8
   187 | D        | Reached XP level 3. HP: 16/16 MP: 2/9
   438 | D        | Learned a level 2 spell: Passwall
   442 | D        | Learned a level 3 spell: Stone Arrow
   489 | D        | Reached skill level 5 in Dodging
   489 | D        | Reached skill level 1 in Conjurations
   489 | D        | Reached skill level 5 in Earth Magic
   691 | D        | Noticed a water elemental
   738 | D        | Killed a water elemental
   739 | D        | Reached skill level 5 in Spellcasting
   739 | D        | Reached XP level 4. HP: 21/21 MP: 8/12
   942 | D        | Found a radiant altar of Vehumet.
   944 | D        | Found a shimmering blue altar of Sif Muna.
   944 | D        | Noticed a wizard
   946 | D        | Killed a wizard
   947 | D        | Reached XP level 5. HP: 24/24 MP: 11/14
   948 | D        | Noticed a sixfirhy
   949 | D        | Slain by a sixfirhy

Illustrated notes

Levels and vault maps discovered:
D:        dungeon_sprint_mu [sprint_mu_entry_cave, sprint_mu_temple_rooms,
          sprint_mu_d1_horrors, sprint_mu_d2_genie, sprint_mu_d3_branching,
          sprint_mu_orc_legion, sprint_mu_elf_gauntlet, sprint_mu_hive_nellie,
          sprint_mu_lair_fedhas, sprint_mu_vaults_butterflies,
          sprint_mu_slime_circle, sprint_mu_swamp_cave, sprint_mu_shoals_archi,
          sprint_mu_blade_basic, sprint_mu_crypt_fortress,
          sprint_mu_tomb_spiral, sprint_mu_vestibule_basic,
          sprint_mu_gehenna_hellfire, sprint_mu_dis_giant,
          sprint_mu_tartarus_statrot, sprint_mu_cocytus_islands, sprint_mu_zot1]

Skill      XL: |  1  2  3  4 |
---------------+-------------+-----
Dodging        | 4 6 |  6.3
Spellcasting   | 4 5 |  5.8
Earth Magic    | 4 6 |  6.3
Conjurations   | 2 3 |  3.2
Stealth        | |  3.0
Transmutations | |  1.3

Action                   |  1- 3 |  4- 6 || total
-------------------------+-------+-------++-------
 Cast: Sandblast         |    16 |     3 ||    19
       Passwall          |       |     1 ||     1
Dodge: Dodged            |       |     1 ||     1
